AoeStats
← 玩印度的哥们硬不起来

African Clearing

510348713Analyzed
2v2 RM · 20h ago on Sep 30, 2026· 28m 2s· 4 players
Game mode
Random Map
Map size
Medium (4 player)
Population
200
Speed
Normal
Resources
Standard
Victory
Conquest
Starting age
Dark Age
Ending age
Imperial Age
RankedLock teamsTeams togetherTeam positionsShared explorationLock speedFull tech treeHidden civsTurbo modeCheats
Victory
Defeat
🇧🇷 Spanish · Brazil
1544
+15
1447
+19
🇧🇷 Varangians · Brazil
1558
-18
🇧🇷 Huns · Brazil
1497
-16
玩印度的哥们硬不起来
9:26 Loom
11:53 Feudal Age
11:22 Loom
13:09 Double-Bit Axe
14:05 Wheelbarrow
20:03 Bloodlines
24:11 Castle Age
25:17 Husbandry
血刃
5:20 Loom
12:47 Feudal Age
16:50 Castle Age
14:55 Double-Bit Axe
[KMNB] Dedão
4:45 Loom
12:35 Feudal Age
17:15 Castle Age
15:37 Double-Bit Axe
16:20 Gold Mining
19:56 Fletching
20:26 Horse Collar
24:12 Bodkin Arrow
26:38 Padded Archer Armor
28:18 Wheelbarrow
[KMNB] Bandeira
3:32 Loom
12:30 Feudal Age
13:29 Double-Bit Axe
17:37 Fletching
19:11 Padded Archer Armor
28:25 Castle Age
Connection lost

Rejoining the realm…

Still unreachable

The connection could not be restored.

Session expired

The server has moved on; the page needs a fresh start.